 Dungeon Crawl Stone Soup version 0.18.1-48-g4cf74bf (webtiles) character file.

5111 WarriorsX the Carver (level 10, -1/82 HPs)
             Began as a Human Fighter on July 30, 2016.
             Slain by an orc warrior
             ... wielding a +0 battleaxe
              (16 damage)
             ... on level 8 of the Dungeon.
             The game lasted 00:39:19 (9176 turns).

WarriorsX the Carver (Human Fighter)                Turns: 9176, Time: 00:39:24

Health: -1/82      AC: 20    Str: 16    XL:     10   Next: 88%
Magic:  9/9        EV: 10    Int:  9    God:
Gold:   100        SH:  0    Dex: 12    Spells: 0 memorised, 9 levels left

rFire  . . .     SeeInvis .     B - +2 great sword
rCold  . . .     Gourm    .     b - +0 scale mail
rNeg   . . .     Faith    .     (shield currently unavailable)
rPois  .         Spirit   .     t - +0 helmet
rElec  .         Dismiss  .     p - +0 cloak
rCorr  .         Reflect  .     m - +2 pair of gloves
SustAt .         Harm     .     (no boots)
MR     .....                    y - amulet of regeneration
Stlth  ..........               x - +2 ring of protection
                                k - +4 ring of protection

@: slowed, drained, very slow, not resistant to hostile enchantments, extremely
unstealthy
A: rugged brown scales 1, thin skeletal structure 1, clumsy 1, low mp 1, sense
surroundings 1, screaming 1, weak 2, MP-powered wands, sturdy frame 1
a: no special abilities


You were on level 8 of the Dungeon.
You were not hungry.

You visited 1 branch of the dungeon, and saw 9 of its levels.

You collected 350 gold pieces.
You spent 250 gold pieces at shops.

Inventory:

Hand Weapons
 a - a +1 long sword
 d - a +0 flail of protection
 z - a cursed +2 dire flail of freezing
 B - a +2 great sword (weapon)
Armour
 b - a +0 scale mail (worn)
 c - a +0 shield
 m - a +2 pair of gloves (worn)
 p - a +0 cloak (worn)
 t - a +0 helmet (worn)
Jewellery
 k - a +4 ring of protection (left hand)
 r - an uncursed ring of poison resistance
 x - a +2 ring of protection (right hand)
 y - an amulet of regeneration (around neck)
Wands
 l - a wand of flame (13/48)
 s - a wand of acid (11/15)
 C - a wand of random effects (15/48)
 F - a wand of paralysis (8/24)
Scrolls
 e - 2 scrolls of recharging
 g - 3 scrolls of teleportation
 h - 3 scrolls of fog
 q - 5 scrolls of remove curse
 u - 2 scrolls of identify
 w - a scroll of magic mapping {unknown}
 G - a scroll of enchant armour {unknown}
 H - a scroll of summoning {unknown}
Potions
 v - a potion of cure mutation
 A - a potion of flight
 D - a potion of berserk rage
Comestibles
 f - 9 bread rations
 i - 4 beef jerkies
 j - 3 fruits
 n - 2 royal jellies
 o - a meat ration
 E - 10 slices of pizza
 I - 2 chunks of flesh


   Skills:
 - Level 8.2(7.8) Fighting
 - Level 8.4(8.0) Long Blades
 * Level 5.0(4.7) Maces & Flails
 - Level 7.2(6.8) Armour
 - Level 7.0(6.6) Shields


You had 9 spell levels left.
You didn't know any spells.

Dungeon Overview and Level Annotations

Branches:
Dungeon (9/15)             Temple (0/1) D:4
   Lair: D:8-11         Orc: D:9-12

Altars:
Cheibriados
Qazlal
Ru
Sif Muna
Vehumet
Yredelemnul

Shops:
D:6 ?:}!

Annotations:
D:4 Edmund


Innate Abilities, Weirdness & Mutations

You are partially covered in rugged brown scales (AC +1, +3% HP).
You have a somewhat thin skeletal structure (Dex +2, Stealth).
You are clumsy. (Dex -2)
Your magical capacity is low (-10% MP).
You passively map a small area around you.
You occasionally shout uncontrollably at your foes.
You are very weak. (Str -4)
You expend magic power (3 MP) to strengthen your wands.
Your movements are slightly less encumbered by armour (ER -2).


Message History

The phantom hits you.
The phantom blinks!
The orc warrior throws a stone.
The stone barely misses you.
The orc warrior throws a stone.
The stone misses you.
The orc warrior hits you with a battleaxe!
Things that are here:
a dagger of freezing; a robe You closely miss the orc warrior.
The orc warrior hits you with a battleaxe.
The orc warrior hits you with a battleaxe!
* * * LOW HITPOINT WARNING * * *
You barely miss the orc warrior.
The orc warrior hits you but does no damage.
The phantom blinks!
You slash the orc warrior!
The orc warrior is moderately wounded.
The orc warrior hits you with a battleaxe!
* * * LOW HITPOINT WARNING * * *
The phantom blinks!
The orc warrior hits you with a battleaxe!
You die...

##.([....###..# ##.##....##....#
#..[####..##..# ...#..##....##.#
#...##........##.#...#*###.....#
..### ##..........# ##....##
..#* ,,#.........# * #.....#
..##..##..##....## ##..#.#
.....##.....(..§# #..#÷#
#######.#...###o### #....# #*
*#....###..(@.### #..<..
)........##.........## #.....
.......###...().)(§..# ##....
.###.## ##...#####...## #.... .#
#,# #..)..........# ####.... ..*
,* #.....(.......# #....... #..
#(............# #....... *#.
#......#......####.......
#......#......#..........


You could see an orc warrior.

Vanquished Creatures
  A gargoyle (D:6)
  A two-headed ogre (D:8)
  Prince Ribbit (D:6)
  Grinder (D:3)
  Sigmund (D:6)
  A hog (D:7)
  A human (D:7)
  A hippogriff (D:6)
  A water moccasin (D:5)
  4 sky beasts
  An ice beast (D:8)
  3 phantoms
  A black bear (D:8)
  An ogre (D:7)
  The ghost of Situis the Covert, an amateur NaAs (D:3)
  A necrophage (D:6)
  5 centaurs
  2 giant frogs
  A wyvern zombie (D:8)
  A scorpion (D:4)
  7 wights
  A howler monkey (D:8)
  3 centaur zombies
  A crimson imp (D:6)
  7 orc priests
  2 jellies
  5 hounds
  Crazy Yiuf (D:5)
  2 giant frog skeletons
  A centaur skeleton (D:4)
  11 orc wizards
  An iguana (D:8)
  Natasha (thrice) (D:3)
  5 worker ants
  3 sheep (D:7)
  A hound zombie (D:6)
  A hound skeleton (D:4)
  A howler monkey zombie (D:6)
  Robin (D:3)
  6 adders
  An ooze (D:1)
  An adder zombie (D:6)
  2 adder skeletons
  4 worms
  A dart slug (D:2)
  4 giant geckos
  39 orcs
  6 giant cockroaches
  21 goblins
  10 hobgoblins
  12 jackals
  8 kobolds
  4 quokkas
  A ball python (D:3)
  5 bats
  5 giant newts
  4 rats
221 creatures vanquished.

Vanquished Creatures (others)
  A worker ant (D:4)
1 creature vanquished.

Grand Total: 222 creatures vanquished

Notes
Turn   | Place    | Note
--------------------------------------------------------------
     0 | D:1      | WarriorsX the Human Fighter began the quest for the Orb.
     0 | D:1      | Reached XP level 1. HP: 18/18 MP: 1/1
    98 | D:1      | Reached XP level 2. HP: 12/24 MP: 2/2
   414 | D:1      | Reached XP level 3. HP: 26/30 MP: 3/3
   894 | D:1      | Reached XP level 4. HP: 14/37 MP: 4/4
  1451 | D:2      | Found a faded altar to an unknown god.
  1797 | D:3      | Noticed Grinder
  1881 | D:3      | Noticed Situis's ghost (amateur NaAs)
  1937 | D:3      | Killed Situis's ghost
  1937 | D:3      | Reached XP level 5. HP: 25/43 MP: 5/5
  2209 | D:3      | Reached skill level 5 in Fighting
  2209 | D:3      | Reached XP level 6. HP: 51/51 MP: 6/6
  2267 | D:3      | Killed Grinder
  2267 | D:3      | Reached skill level 5 in Long Blades
  2267 | D:3      | Reached XP level 7. HP: 27/57 MP: 7/7
  2526 | D:3      | Gained mutation: You expend magic power (3 MP) to strengthen your wands. [potion of mutation]
  2526 | D:3      | Gained mutation: Your magical capacity is low (-10% MP). [potion of mutation]
  2526 | D:3      | Gained mutation: You passively map a small area around you. [potion of mutation]
  2527 | D:3      | Gained mutation: Your movements are slightly less encumbered by armour (ER -2). [potion of mutation]
  2527 | D:3      | Gained mutation: You have a somewhat thin skeletal structure (Dex +2, Stealth). [potion of mutation]
  2836 | D:3      | Noticed Natasha
  2845 | D:3      | Killed Natasha
  2991 | D:3      | Noticed Natasha
  3001 | D:3      | Killed Natasha
  3156 | D:3      | Noticed Robin
  3190 | D:3      | Killed Robin
  3618 | D:3      | Noticed Natasha
  3624 | D:3      | Killed Natasha
  3736 | D:3      | Found a deep blue altar of Sif Muna.
  3926 | D:4      | Reached XP level 8. HP: 51/65 MP: 7/7
  4026 | D:4      | Found a staircase to the Ecumenical Temple.
  4360 | D:4      | Noticed Edmund
  4385 | D:5      | Entered Level 5 of the Dungeon
  4534 | D:5      | Found a sacrificial altar of Ru.
  4745 | D:5      | Noticed Crazy Yiuf
  4752 | D:5      | Killed Crazy Yiuf
  5015 | D:5      | Found a stormy altar of Qazlal.
  5040 | D:5      | Reached skill level 5 in Armour
  5219 | D:5      | Reached skill level 5 in Shields
  5219 | D:5      | Reached XP level 9. HP: 63/71 MP: 8/8
  5272 | D:5      | Gained mutation: You are partially covered in rugged brown scales (AC +1, +3% HP). [mutagenic meat]
  5273 | D:5      | Gained mutation: You are clumsy. (Dex -2) [mutagenic meat]
  5274 | D:5      | Gained mutation: You occasionally shout uncontrollably at your foes. [mutagenic meat]
  5276 | D:5      | Gained mutation: You are weak. (Str -2) [mutagenic meat]
  5277 | D:5      | Gained mutation: You are very weak. (Str -4) [mutagenic meat]
  5742 | D:6      | Found Casacosa's Distillery.
  5871 | D:6      | Found a basalt altar of Yredelemnul.
  5997 | D:6      | Noticed Prince Ribbit
  6049 | D:6      | Killed Prince Ribbit
  6262 | D:6      | Found Imupotz's Gadget Shoppe.
  6266 | D:6      | Noticed a gargoyle
  7155 | D:7      | Reached XP level 10. HP: 76/81 MP: 9/9
  7984 | D:6      | HP: 3/82 [gargoyle/stone arrow (5)]
  8009 | D:6      | HP: 3/82 [gargoyle/flail (13)]
  8011 | D:6      | Killed a gargoyle
  8030 | D:6      | Bought a potion of cure mutation for 250 gold pieces
  8043 | D:6      | Found a snail-covered altar of Cheibriados.
  8188 | D:6      | Found Ytittor's Book Shoppe.
  8195 | D:6      | Noticed Sigmund
  8231 | D:6      | Killed Sigmund
  8231 | D:6      | Reached skill level 1 in Maces & Flails
  8262 | D:6      | Found Xutaf's Magic Scroll Emporium.
  8805 | D:8      | Found a radiant altar of Vehumet.
  9153 | D:8      | Reached skill level 5 in Maces & Flails
  9176 | D:8      | Slain by an orc warrior

Skill      XL: |  1  2  3  4  5  6  7  8  9 10 |
---------------+-------------------------------+-----
Fighting       | 4 5 6 7 8 |  8.2
Long Blades    | 4 5 6 8 |  8.4
Armour         | 5 7 |  7.2
Shields        | 5 7 |  7.0
Maces & Flails | 5 |  5.0

Action                   |  1- 3 |  4- 6 |  7- 9 | 10-12 || total
-------------------------+-------+-------+-------+-------++-------
Melee: Long sword        |   119 |   117 |   632 |   288 ||  1156
       Great sword       |       |       |       |    63 ||    63
Evoke: Wand              |       |       |       |     3 ||     3
  Use: Scroll            |       |       |     7 |     1 ||     8
       Potion            |       |       |    10 |     1 ||    11
 Stab: Distracted        |       |       |     1 |       ||     1
  Eat: Chunk             |       |     5 |    22 |     9 ||    36
Armor: Scale mail        |    66 |    38 |   298 |   179 ||   581
Dodge: Dodged            |    36 |    36 |   165 |   110 ||   347
Block: Shield            |    52 |    48 |   306 |   135 ||   541
